Map: Backwater LE

Players

morik - Winner!

  • Race: Zerg Zerg
  • League: Platinum
  • Spawn Location: 5:00

axu

  • Race: Protoss Protoss
  • League: Platinum
  • Spawn Location: 11:00

VOD

Have the link to the VOD?

Description

Time

  • Played on: March 20, 2018, 12:53 p.m.
  • Length: 5:58
Show
View Real Time Build Order
Export as new Build Order

morik Zerg - Winner!

Build Orders: Hatch First 

Get SALT Encoding   

  12  0:01  Drone  
  13  0:10  Drone  
  14  0:18  Overlord  
  14  0:36  Drone x3  
  17  0:48  Drone  
  18  0:59  Hatchery  
  18  1:00  Drone  
  18  1:03  Extractor  
  17  1:11  Drone  
  18  1:22  Spawning Pool  
  18  1:23  Drone  
  18  1:33  Drone  
  19  1:41  Drone  
  20  1:54  Overlord  
  20  2:13  Metabolic Boost  
  20  2:17  Hatchery, Zergling x2  
  20  2:18  Zergling x2  
  20  2:19  Zergling x2  
  22  2:37  Baneling Nest  
  22  2:40  Queen  
  22  2:42  Drone  
  22  2:43  Drone  
  25  2:51  Drone  
  25  2:53  Drone  
  25  2:55  Drone  
  25  2:57  Drone  
  29  3:02  Drone  
  30  3:09  Queen  
  30  3:11  Drone  
  33  3:16  Extractor  
  32  3:24  Spore Crawler  
  32  3:26  Drone x2  
  33  3:27  Spore Crawler  
  33  3:29  Zergling x2  
  33  3:31  Zergling x2  
  33  3:33  Zergling x2  
  35  3:37  Drone  
  35  3:40  Drone  
  37  3:44  Zergling x4  
  39  3:50  Drone x2  
  41  3:56  Lair  
  41  4:02  Drone  
  42  4:03  Overlord  
  42  4:15  Overlord  
  42  4:16  Overlord  
  41  4:49  Zergling x6  
  41  4:50  Zergling x14  
  41  4:51  Zergling x6  
  54  5:11  Zergling x8  
  54  5:12  Overlord  
  58  5:14  Queen  
  58  5:17  Drone  
  61  5:26  Drone, Roach Warren  
  61  5:28  Drone  
  61  5:32  Drone  
Show
View Real Time Build Order
Export as new Build Order

axu Protoss 

Build Orders: 1 Gate Expand 

Get SALT Encoding   

  12  0:00  Probe  
  13  0:13  Probe  
  14  0:24  Pylon  
  14  0:25  Probe  
  15  0:42  Probe  
  16  0:44  Gateway  
  16  0:52  Assimilator  
  16  0:54  Probe (Chrono Boost)  
  18  1:06  Probe (Chrono Boost)  
  18  1:11  Probe (Chrono Boost)  
  19  1:21  Probe  
  19  1:35  Nexus  
  19  1:41  Cybernetics Core  
  19  1:45  Probe  
  20  1:58  Assimilator  
  20  2:21  Pylon, Warp Gate (Chrono Boost)  
  20  2:23  Adept  
  20  2:25  Probe  
  23  2:39  Pylon  
  23  2:45  Probe (Chrono Boost)  
  25  2:53  Probe (Chrono Boost)  
  25  2:55  Probe (Chrono Boost)  
  26  3:00  Probe (Chrono Boost)  
  26  3:01  Probe  
  28  3:12  Stargate, Probe  
  29  3:29  Probe x2  
  31  3:43  Probe  
  31  3:44  Probe  
  31  3:56  Probe x2  
  31  4:00  Gateway  
  31  4:01  Gateway  
  33  4:05  Gateway x2  
  33  4:07  Pylon  
  33  4:12  Adept  
  33  4:17  Probe x2  
  40  4:25  Void Ray  
  40  4:29  Probe x2  
  36  4:40  Shield Battery  
  31  5:00  Adept  
  31  5:01  Adept  
  31  5:06  Pylon  
  31  5:10  Pylon  
  31  5:13  Pylon  
  31  5:15  Adept  
  30  5:22  Gateway x2  
  30  5:25  Phoenix  
  30  5:27  Adept  
  33  5:36  Adept  
  31  5:53  Gateway  
Tags
 
Add a new tag
Caveats
  • Supply blocks, unpowered buildings, or Contaminate may cause inaccurate times.
  • Supply counts are checked every 10 seconds.